Map: Lost and Found LE

Players

Bunny - Winner!

  • Race: Terran Terran
  • League: Diamond
  • Spawn Location: 7:00

Bly

  • Race: Zerg Zerg
  • League: Master
  • Spawn Location: 1:00

Event: HomeStory Cup XVIII

VOD

Have the link to the VOD?

Description

Time

  • Played on: Nov. 23, 2018, 10:38 a.m.
  • Length: 5:18

All games in this series

Show
View Real Time Build Order
Export as new Build Order

Bunny Terran - Winner!

Build Orders: Reaper Expand 

Get SALT Encoding   

  12  0:00  SCV  
  13  0:12  SCV  
  14  0:17  Supply Depot  
  14  0:25  SCV  
  15  0:38  SCV  
  15  0:40  Barracks  
  16  0:43  Refinery  
  16  0:50  SCV  
  17  1:03  SCV  
  18  1:15  SCV  
  19  1:27  Reaper, Orbital Command  
  20  1:40  Command Center  
  20  1:52  Supply Depot  
  20  1:53  SCV  
  21  1:59  Marine  
  22  2:06  Factory  
  21  2:11  Bunker  
  21  2:12  SCV  
  22  2:16  Marine  
  22  2:19  Bunker  
  23  2:23  Refinery  
  23  2:25  Supply Depot, SCV  
  24  2:34  Marine  
  25  2:38  SCV  
  26  2:46  Bunker  
  26  2:49  Factory Tech Lab  
  26  2:52  Marine  
  26  2:53  SCV  
  28  3:04  Starport  
  28  3:10  Marine, Cyclone  
  32  3:29  Supply Depot  
  32  3:42  Supply Depot  
  32  4:03  Marine, Viking, Siege Tank  
  39  4:12  Supply Depot  
  38  4:23  Marine  
  39  4:35  Siege Tank  
  42  4:41  Marine  
  39  5:00  Marine  
Show
View Real Time Build Order
Export as new Build Order

Bly Zerg 

Build Orders: Pool Only, Ravager All-In 

Get SALT Encoding   

  12  0:17  Spawning Pool  
  11  0:22  Drone  
  11  0:26  Drone  
  13  0:30  Drone  
  14  0:40  Extractor, Drone  
  14  0:45  Extractor, Drone  
  14  1:03  Roach Warren  
  13  1:05  Drone  
  13  1:11  Overlord  
  14  1:20  Overlord  
  14  1:43  Roach x2  
  18  1:48  Roach  
  20  1:58  Roach  
  22  2:08  Ravager  
  22  2:09  Ravager  
  22  2:10  Roach  
  26  2:20  Roach  
  28  2:27  Ravager  
  29  2:33  Overlord  
  29  2:47  Ravager  
  30  3:00  Roach x2  
  34  3:11  Overlord  
  34  3:21  Ravager  
  35  3:32  Ravager  
  36  3:39  Roach x3  
  39  3:58  Roach  
  41  4:13  Ravager x2  
  41  4:16  Ravager  
  44  4:17  Overlord  
  44  4:29  Roach  
Tags
 
Add a new tag
Caveats
  • Supply blocks, unpowered buildings, or Contaminate may cause inaccurate times.
  • Supply counts are checked every 10 seconds.